[Event "Titled Tuesday Blitz December 27 Early 2022"]
[White "Bachmann, Axel"]
[Black "Shipov, Sergei"]
[WhiteFideId "3700488"]
[BlackFideId "4113624"]
[WhiteElo "2604"]
[BlackElo "2541"]
[Result "1-0"]
[Round "06"]
[TimeControl "180+2"]
[Date "2022.12.27"]
[WhiteClock "0:00:06"]
[BlackClock "0:00:10"]

1. e4 e6 2. Qe2 c5 3. g3 Nc6 4. Bg2 g6 5. h4 h5 6. c3 Bg7 7. d3 Nge7 8. Nf3 O-O 9. O-O b6 10. Na3 Ba6 11. Bg5 Qc7 12. Rfe1 d5 13. e5 Nf5 14. Nc2 Rae8 15. Bf4 Qd7 16. Qd2 d4 17. c4 Bb7 18. b4 cxb4 19. Nxb4 Nxb4 20. Qxb4 Nh6 21. a4 Ng4 22. a5 bxa5 23. Rxa5 Rb8 24. Rxa7 Qc8 25. Qa5 Rd8 26. Ng5 Bxg2 27. Kxg2 Rd7 28. Re2 Qc6+ 29. f3 Nh6 30. Qa6 Qxa6 31. Rxa6 Rb3 32. Rd2 Nf5 33. Kh3 Rdb7 34. g4 Ne3 35. Ra8+ Rb8 36. Rda2 Bh6 37. Rxb8+ Rxb8 38. gxh5 gxh5 39. Bxe3 dxe3 40. Re2 Rb3 41. Rxe3 Bf8 42. f4 Bc5 43. Rf3 Bd4 44. Ne4 Kg7 45. Rg3+ Kh6 46. Nf6 Bf2 47. Rf3 Bd4 48. Ne8 Rb1 49. Nd6 Kg7 50. Ne4 Rh1+ 51. Kg3 Rg1+ 52. Kh2 Rd1 53. Rg3+ Kh6 54. Nd6 f5 55. Nf7+ Kh7 56. Ng5+ Kh8 57. Nf7+ Kh7 58. Ng5+ Kh6 59. Nxe6 Bf2 60. Rf3 Bxh4 61. c5 Rc1 62. d4 Rc2+ 63. Kh3 Be7 64. d5 Bxc5 65. Nxc5 Rxc5 66. Rd3 Kg7 67. d6 Rc8 68. e6 Kf6 69. e7 Kf7 70. d7 1-0


[Site "https://www.chess.com"]

[Event "Titled Tuesday Blitz December 27 Early 2022"]
[White "Balakrishnan, Praveen"]
[Black "Akylbekov, Nasyr"]
[WhiteFideId "2064871"]
[BlackFideId "13800353"]
[WhiteElo "2529"]
[BlackElo "2239"]
[Result "1-0"]
[Round "06"]
[TimeControl "180+2"]
[Date "2022.12.27"]
[WhiteClock "0:01:33"]
[BlackClock "0:00:11"]

1. e4 e5 2. Nf3 Nc6 3. Bb5 a6 4. Ba4 Nf6 5. O-O Be7 6. d3 b5 7. Bb3 O-O 8. a3 d5 9. exd5 Nxd5 10. h3 Bf6 11. Nbd2 Nd4 12. Nxd4 exd4 13. Ne4 Bb7 14. Nc5 Bc6 15. Qg4 Kh8 16. Re1 Re8 17. Bd2 Rxe1+ 18. Rxe1 g6 19. Bh6 Qd6 20. Ne4 Qe7 21. Re2 Bg7 22. Bxg7+ Kxg7 23. Nc3 dxc3 24. Rxe7 Nxe7 25. Qd4+ Kg8 26. Qf6 Nd5 27. Qxc6 cxb2 28. Qxa8+ Kg7 29. Qxd5 b1=Q+ 30. Kh2 Qf1 31. Qxf7+ Kh6 32. Qf8+ Kg5 33. h4+ Kh5 1-0


[Site "https://www.chess.com"]

[Event "Titled Tuesday Blitz December 27 Early 2022"]
[White "Bas Mas, Jose Joaquin"]
[Black "Orujov, Elshad"]
[WhiteFideId "22219064"]
[BlackFideId "13403540"]
[WhiteElo "2197"]
[BlackElo "2304"]
[Result "1-0"]
[Round "06"]
[TimeControl "180+2"]
[Date "2022.12.27"]
[WhiteClock "0:02:38"]
[BlackClock "0:02:44"]

1. e4 c5 2. Nc3 d6 3. Bb5+ Nd7 4. d3 Nf6 5. f4 g6 6. Nf3 Bg7 7. O-O O-O 8. a4 a6 9. Bc4 Rb8 10. Qe1 Ra8 11. e5 dxe5 12. fxe5 Ng4 13. e6 fxe6 14. Bxe6+ 1-0


[Site "https://www.chess.com"]

[Event "Titled Tuesday Blitz December 27 Early 2022"]
[White "Bashirli, Saadat"]
[Black "Sovetov, Oleksandr"]
[WhiteFideId "13429990"]
[BlackFideId "34105786"]
[WhiteElo "1571"]
[BlackElo "1976"]
[Result "0-1"]
[Round "06"]
[TimeControl "180+2"]
[Date "2022.12.27"]
[WhiteClock "0:00:01"]
[BlackClock "0:00:19"]

1. d4 Nf6 2. c4 e6 3. Nc3 Bb4 4. e3 O-O 5. Bd3 d5 6. a3 Bxc3+ 7. bxc3 dxc4 8. Bxc4 c5 9. Nf3 Qc7 10. Bd3 Nc6 11. O-O e5 12. dxe5 Nxe5 13. Nxe5 Qxe5 14. Qc2 c4 15. Bxc4 Ng4 16. f4 Qc5 17. Bd3 f5 18. Re1 b6 19. a4 Re8 20. Ba3 Qc6 21. Bxf5 Bxf5 22. Qxf5 Nxe3 23. Qg5 Nc2 24. Rxe8+ Rxe8 25. Ra2 Re1+ 26. Kf2 Qe8 27. Qd5+ Kh8 28. Qd3 Rf1+ 29. Kg3 Qe1+ 30. Kh3 Qe6+ 31. Kg3 Qxa2 32. Qxf1 Nxa3 33. Qa6 Qc4 34. Qxa7 Qxc3+ 35. Kf2 Qd4+ 36. Kf3 h6 37. Qb8+ Kh7 38. Qe8 Nc4 39. Qc8 Qe3+ 40. Kg4 Qe2+ 41. Kg3 Ne3 42. Qd7 Qxg2+ 43. Kh4 Qxh2+ 44. Qh3 Qxf4+ 0-1


[Site "https://www.chess.com"]

[Event "Titled Tuesday Blitz December 27 Early 2022"]
[White "Bazarov, Konstantin"]
[Black "Kleiman, Jake"]
[WhiteFideId "4137000"]
[BlackFideId "2020041"]
[WhiteElo "2235"]
[BlackElo "2399"]
[Result "0-1"]
[Round "06"]
[TimeControl "180+2"]
[Date "2022.12.27"]
[WhiteClock "0:00:04"]
[BlackClock "0:00:09"]

1. c4 e6 2. Nf3 Nf6 3. d4 Bb4+ 4. Bd2 Bxd2+ 5. Nbxd2 O-O 6. e4 d6 7. g3 Qe7 8. Bg2 e5 9. d5 a5 10. O-O Na6 11. Ne1 Nc5 12. Qc2 c6 13. b3 g6 14. Nd3 Nfd7 15. Nxc5 Nxc5 16. Rfe1 Bd7 17. a3 cxd5 18. exd5 Bf5 19. Qc3 Qc7 20. Bf1 Bd7 21. b4 Na4 22. Qb3 f5 23. Rac1 axb4 24. axb4 b6 25. h4 Kg7 26. Qe3 Rac8 27. Qb3 Qb7 28. Be2 Rfe8 29. Ra1 Ra8 30. Ra3 b5 31. Rea1 Nb6 32. Rxa8 Rxa8 33. Rxa8 Qxa8 34. Qe3 Qb7 35. h5 Nxc4 36. Nxc4 bxc4 37. Qd2 Bb5 38. Bf3 Qe7 39. h6+ Kf7 40. Qe3 Qc7 41. g4 f4 42. Qc1 c3 43. Be4 Qc4 44. f3 Qd4+ 45. Kh1 Qxb4 46. Qa1 Ba4 47. Qf1 c2 48. Bxc2 Bxc2 49. Qa6 Qe1+ 50. Kh2 Qg3+ 51. Kh1 Qxf3+ 52. Kh2 Qf2+ 53. Kh3 Qg3# 0-1


[Site "https://www.chess.com"]

[Event "Titled Tuesday Blitz December 27 Early 2022"]
[White "Beerdsen, Thomas"]
[Black "Aravindh, Chithambaram VR."]
[WhiteFideId "1030108"]
[BlackFideId "5072786"]
[WhiteElo "2507"]
[BlackElo "2633"]
[Result "0-1"]
[Round "06"]
[TimeControl "180+2"]
[Date "2022.12.27"]
[WhiteClock "0:01:06"]
[BlackClock "0:01:38"]

1. b3 b6 2. Bb2 Bb7 3. e3 Nf6 4. c4 g6 5. Nc3 Bg7 6. Qc2 O-O 7. O-O-O c5 8. h4 h5 9. Nh3 Nc6 10. a3 e6 11. Ng5 d5 12. Kb1 d4 13. Nce4 Nxe4 14. Nxe4 Ne5 15. Ng5 Ng4 16. exd4 Nxf2 17. Bd3 Nxd3 18. Qxd3 Bxd4 19. Nxe6 Qe7 20. Bxd4 Qxe6 21. Rhe1 Qd6 0-1


[Site "https://www.chess.com"]

[Event "Titled Tuesday Blitz December 27 Early 2022"]
[White "Berezin, Viktor"]
[Black "gshwbedhkhd"]
[WhiteFideId "14107872"]
[WhiteElo "2307"]
[BlackElo "2577"]
[Result "1-0"]
[Round "06"]
[TimeControl "180+2"]
[Date "2022.12.27"]
[WhiteClock "0:00:10"]
[BlackClock "0:00:07"]

1. d4 f5 2. g3 Nf6 3. Bg2 g6 4. Nh3 Bg7 5. Nf4 d6 6. h4 e5 7. dxe5 dxe5 8. Nd5 Nxd5 9. Bg5 Nf6 10. Qxd8+ Kxd8 11. h5 h6 12. Bxf6+ Bxf6 13. hxg6 Nc6 14. Nc3 Be6 15. O-O-O+ Ke7 16. Rh5 Bg7 17. Nd5+ Bxd5 18. Rxd5 Rad8 19. Rxf5 Rhf8 20. Rxf8 Kxf8 21. c3 Rxd5 22. Bxd5 Nd8 23. Kd2 Ke7 24. Ke3 c6 25. Be4 Ne6 26. f4 exf4+ 27. gxf4 Kf6 28. Kf3 Bf8 29. Bb1 Bd6 30. e3 h5 31. Kg3 Bc5 32. e4 Be3 33. e5+ Kg7 34. f5 Nc5 35. f6+ Kg8 36. Kf3 Bc1 37. g7 Nd7 38. Ke4 Bxb2 39. a4 Nc5+ 40. Kf5 1-0


[Site "https://www.chess.com"]

[Event "Titled Tuesday Blitz December 27 Early 2022"]
[White "Bilan, Danila"]
[Black "Fernandez Siles, Luis"]
[WhiteFideId "24161918"]
[BlackFideId "2209420"]
[WhiteElo "2303"]
[BlackElo "2218"]
[Result "0-1"]
[Round "06"]
[TimeControl "180+2"]
[Date "2022.12.27"]
[WhiteClock "0:00:04"]
[BlackClock "0:00:32"]

1. d4 Nf6 2. Nf3 g6 3. Bg5 Bg7 4. c3 O-O 5. Nbd2 d5 6. e3 b6 7. Bd3 c5 8. e4 Bb7 9. e5 Ne4 10. Bh4 Nd7 11. O-O f6 12. Nxe4 dxe4 13. Bc4+ Kh8 14. exf6 exf6 15. Nd2 cxd4 16. cxd4 g5 17. Bg3 f5 18. Bd6 Rf6 19. Ba3 Nf8 20. Nb3 Ng6 21. Nc1 Nh4 22. Ne2 f4 23. d5 Qc8 24. Nd4 Qxc4 25. Ne6 Qxd5 26. Qxd5 Bxd5 27. Nxg5 e3 28. fxe3 Bxg2 29. Rxf4 Rxf4 30. exf4 Bd4# 0-1


[Site "https://www.chess.com"]

[Event "Titled Tuesday Blitz December 27 Early 2022"]
[White "Bilych, Olexiy"]
[Black "Feng, Eric"]
[WhiteFideId "14156504"]
[BlackFideId "30952590"]
[WhiteElo "2441"]
[BlackElo "1951"]
[Result "1-0"]
[Round "06"]
[TimeControl "180+2"]
[Date "2022.12.27"]
[WhiteClock "0:00:39"]
[BlackClock "0:00:03"]

1. d4 Nf6 2. c4 e6 3. Nc3 d5 4. cxd5 exd5 5. Bg5 Be7 6. e3 h6 7. Bh4 O-O 8. Bd3 c6 9. Qc2 Be6 10. Nf3 Nbd7 11. O-O Rc8 12. Rab1 Ne8 13. Bxe7 Qxe7 14. e4 dxe4 15. Nxe4 Nd6 16. Nc5 b6 17. Nxe6 Qxe6 18. Rfe1 Qf6 19. Ne5 Nb8 20. b4 Rfe8 21. Re3 c5 22. bxc5 bxc5 23. Rf3 Qe7 24. Bh7+ Kh8 25. Rxf7 Qxf7 26. Nxf7+ Nxf7 27. Bg6 cxd4 28. Qd2 Rf8 29. Bxf7 Rxf7 30. Qxd4 Nc6 31. Qd5 Rfc7 32. h4 Ne7 33. Qe4 Ng8 34. Rb7 Nf6 35. Rxc7 Rxc7 36. Qf4 Rd7 37. g3 Kg8 38. a4 Kf7 39. a5 Re7 40. Qc4+ Kg6 41. Kg2 h5 42. a6 Kh7 43. Qc2+ Kg8 44. Qc8+ Kf7 45. Qc4+ Kf8 46. f3 Ne8 47. Qc5 Nf6 48. Kf2 Kf7 49. Qc4+ Ke8 50. g4 hxg4 51. fxg4 Re4 52. Qc6+ Kf7 53. g5 Re6 54. Qb7+ Re7 55. gxf6 gxf6 56. Kf3 Ke6 57. Kf4 Re8 58. Qxa7 1-0


[Site "https://www.chess.com"]

[Event "Titled Tuesday Blitz December 27 Early 2022"]
[White "Bintang, Rasyid A. Hidayat"]
[Black "Williams, Simon K"]
[WhiteFideId "7105355"]
[BlackFideId "404454"]
[WhiteElo "1820"]
[BlackElo "2465"]
[Result "0-1"]
[Round "06"]
[TimeControl "180+2"]
[Date "2022.12.27"]
[WhiteClock "0:00:09"]
[BlackClock "0:00:20"]

1. d4 e6 2. Bf4 b6 3. e3 Bb7 4. Nd2 d6 5. Ngf3 Nd7 6. Bd3 Qe7 7. e4 e5 8. Bg5 Ngf6 9. c3 h6 10. Bxf6 Qxf6 11. Qa4 a6 12. Nf1 b5 13. Qc2 c5 14. Ne3 g6 15. dxe5 Nxe5 16. Nxe5 Qxe5 17. O-O c4 18. Be2 Bg7 19. f3 Qc5 20. Qd2 d5 21. exd5 Bxd5 22. Qxd5 Qxe3+ 23. Kh1 O-O 24. Rae1 Rfe8 25. Qd1 Rad8 26. Qb1 Qc5 27. f4 Rd2 28. Bf3 Rxe1 29. Rxe1 Bf6 30. Re2 Rxe2 31. Bxe2 Qe3 32. Qf1 Be7 33. f5 g5 34. f6 Bxf6 35. Qxf6 Qxe2 36. h3 Qe6 37. Qd8+ Kg7 38. Qd4+ Qf6 39. Qd2 Qf1+ 40. Kh2 Qf4+ 41. Qxf4 gxf4 42. Kg1 Kf6 43. Kf2 Ke5 44. Kf3 h5 45. h4 a5 46. a3 f6 47. Kf2 Ke4 48. Ke2 f5 49. Kd2 f3 50. g3 f4 51. g4 hxg4 52. h5 g3 53. a4 g2 54. h6 g1=Q 55. h7 Qh2+ 56. Kc1 f2 57. axb5 f1=R# 0-1


[Site "https://www.chess.com"]

[Event "Titled Tuesday Blitz December 27 Early 2022"]
[White "Bluebaum, Matthias"]
[Black "Movahed, Sina"]
[WhiteFideId "24651516"]
[BlackFideId "42520835"]
[WhiteElo "2669"]
[BlackElo "2340"]
[Result "1-0"]
[Round "06"]
[TimeControl "180+2"]
[Date "2022.12.27"]
[WhiteClock "0:00:14"]
[BlackClock "0:00:03"]

1. d4 Nf6 2. c4 g6 3. Nc3 Bg7 4. e4 O-O 5. Nf3 d6 6. Be2 e5 7. Be3 exd4 8. Nxd4 Re8 9. f3 c6 10. Qd2 d5 11. exd5 cxd5 12. O-O Nc6 13. Rad1 Ne5 14. Nb3 a5 15. cxd5 a4 16. Nc5 a3 17. bxa3 Rxa3 18. Nb3 b6 19. Rfe1 h5 20. h3 h4 21. f4 Ned7 22. Bf3 Ba6 23. Qb2 Rxb3 24. Qxb3 Nc5 25. Qa3 Bf8 26. d6 Bxd6 27. Kh1 Bd3 28. Qa7 Rxe3 29. Rxe3 Bxf4 30. Ree1 Qd4 31. Nd5 Nxd5 32. Qa8+ Kg7 33. Qxd5 Qf2 34. Re7 Qg3 35. Qd4+ 1-0


[Site "https://www.chess.com"]

[Event "Titled Tuesday Blitz December 27 Early 2022"]
[White "Bogaudinov, Rushan"]
[Black "Kovacevic, Radmila"]
[WhiteFideId "4129288"]
[BlackFideId "933171"]
[WhiteElo "1939"]
[BlackElo "2106"]
[Result "1-0"]
[Round "06"]
[TimeControl "180+2"]
[Date "2022.12.27"]
[WhiteClock "0:00:22"]
[BlackClock "0:00:13"]

1. a3 d5 2. d4 g6 3. h4 Bg7 4. h5 gxh5 5. Rxh5 h6 6. c4 Nf6 7. Rh1 dxc4 8. Qa4+ Nc6 9. e3 Be6 10. Bxc4 Bxc4 11. Qxc4 e5 12. Nf3 e4 13. Nh4 Qd7 14. Nc3 O-O-O 15. b4 Rhe8 16. Bd2 Ng4 17. b5 Nce5 18. Qa4 Nd3+ 19. Kf1 Kb8 20. Nd1 Qe6 21. Rb1 Qf6 22. Be1 Rd6 23. Rh3 Rb6 24. Qc2 Nxe1 25. Kxe1 Qe6 26. a4 f5 27. a5 Rd6 28. Rc1 Rc8 29. Nb2 Rd7 30. a6 b6 31. Qc6 Qxc6 32. Rxc6 Rf7 33. g3 Re8 34. Nc4 Bf8 35. Ng6 Bb4+ 36. Ke2 Rd7 37. Nge5 Rd5 38. Nxg4 fxg4 39. Rhxh6 Rxb5 40. Rh7 Rc8 41. Rg7 Bf8 42. Rxg4 Re8 43. Rg8 Rc8 44. g4 Rb4 45. g5 Ra4 46. g6 Bh6 47. Rxc8+ Kxc8 48. Re6 Kd7 49. Rxe4 Ra2+ 50. Kf3 Rxa6 51. Ne5+ Kd6 52. Nf7+ Kd5 53. Nxh6 c5 54. Nf5 b5 55. g7 Rg6 56. Re8 Rf6 57. g8=Q+ Kc6 58. Rc8+ Kb6 59. Qd8+ Ka6 60. Qxf6+ Ka5 61. Rxc5 1-0


[Site "https://www.chess.com"]

[Event "Titled Tuesday Blitz December 27 Early 2022"]
[White "Bok, Benjamin"]
[Black "Christiansen, Johan-Sebastian"]
[WhiteFideId "1017063"]
[BlackFideId "1512668"]
[WhiteElo "2607"]
[BlackElo "2579"]
[Result "1-0"]
[Round "06"]
[TimeControl "180+2"]
[Date "2022.12.27"]
[WhiteClock "0:00:21"]
[BlackClock "0:00:03"]

1. d4 Nf6 2. c4 c5 3. Nf3 cxd4 4. Nxd4 e5 5. Nb5 d5 6. cxd5 Bc5 7. e3 O-O 8. N5c3 Nbd7 9. Be2 Nb6 10. e4 Bd7 11. O-O Rc8 12. Bg5 h6 13. Bh4 g5 14. Bg3 Re8 15. Nd2 Bb4 16. Rc1 Qe7 17. Qb3 Bc5 18. a4 a5 19. Nf3 Nh5 20. Bb5 g4 21. Nh4 Nf4 22. Bxd7 Nxd7 23. Nf5 Qg5 24. d6 Ng6 25. Qxb7 Red8 26. Kh1 Kf8 27. Nd5 Rb8 28. Qc7 h5 29. Nde7 Bb6 30. Qc3 Nf4 31. Bh4 Ne2 32. Bxg5 Nxc3 33. Rxc3 Bd4 34. Bh6+ Ke8 35. Ng7+ Kf8 36. Ne6+ Ke8 37. Nc7# 1-0


[Site "https://www.chess.com"]

[Event "Titled Tuesday Blitz December 27 Early 2022"]
[White "Boros, Denes"]
[Black "Iskusnyh, Sergei"]
[WhiteFideId "722340"]
[BlackFideId "4120027"]
[WhiteElo "2406"]
[BlackElo "2440"]
[Result "0-1"]
[Round "06"]
[TimeControl "180+2"]
[Date "2022.12.27"]
[WhiteClock "0:00:17"]
[BlackClock "0:00:07"]

1. d4 d5 2. Nc3 Nf6 3. Nf3 Bf5 4. Bg5 e6 5. Nh4 h6 6. Bxf6 Qxf6 7. Nxf5 Qxf5 8. a3 c6 9. g3 Nd7 10. Bg2 Nf6 11. Qd2 Be7 12. h3 e5 13. g4 Qe6 14. dxe5 Qxe5 15. O-O-O O-O 16. f4 Qc7 17. Kb1 Rad8 18. g5 d4 19. Ne4 Nxe4 20. Bxe4 hxg5 21. fxg5 Qe5 22. Qd3 Bxg5 23. Rdf1 Rde8 24. Bh7+ Kh8 25. h4 Bh6 26. Bf5 Qxe2 27. Qb3 b5 28. Qh3 Re3 29. Qh2 Qxh2 30. Rxh2 c5 31. Bg6 f6 32. Rf5 Rc8 33. Rd5 Re1+ 34. Ka2 a5 35. a4 bxa4 36. Rh3 Be3 37. h5 Rb8 38. Rxc5 a3 39. bxa3 d3 40. Rxe3 Rxe3 41. Bxd3 Re5 42. Rxe5 fxe5 43. a4 Kg8 44. Bb5 Kf7 45. Kb3 Kf6 46. Kc4 Rc8+ 47. Kd5 Rxc2 0-1


[Site "https://www.chess.com"]

[Event "Titled Tuesday Blitz December 27 Early 2022"]
[White "Borrmann, Laurenz"]
[Black "Hasangatin, Ramil"]
[WhiteFideId "312187930"]
[BlackFideId "4122160"]
[WhiteElo "2304"]
[BlackElo "2457"]
[Result "0-1"]
[Round "06"]
[TimeControl "180+2"]
[Date "2022.12.27"]
[WhiteClock "0:00:22"]
[BlackClock "0:01:31"]

1. d4 d6 2. Nf3 Bg4 3. e4 Nf6 4. Nc3 e6 5. Be2 c6 6. O-O d5 7. e5 Nfd7 8. Bf4 Be7 9. h3 Bh5 10. Qd2 O-O 11. Nd1 c5 12. c3 Nc6 13. Ne3 cxd4 14. cxd4 Qb6 15. Rfd1 Rfc8 16. Rac1 Bb4 17. Qd3 Bf8 18. b3 Bxf3 19. Bxf3 Qxd4 20. Qxd4 Nxd4 21. Rxc8 Nxf3+ 22. gxf3 Rxc8 23. Rd2 Bb4 24. Re2 b5 25. Nc2 Bc3 26. Kf1 d4 27. Re4 d3 28. Ne3 Nc5 0-1


[Site "https://www.chess.com"]

[Event "Titled Tuesday Blitz December 27 Early 2022"]
[White "Bortnyk, Olexandr"]
[Black "Wagner, Dinara"]
[WhiteFideId "14120828"]
[BlackFideId "24157570"]
[WhiteElo "2605"]
[BlackElo "2417"]
[Result "0-1"]
[Round "06"]
[TimeControl "180+2"]
[Date "2022.12.27"]
[WhiteClock "0:00:21"]
[BlackClock "0:00:20"]

1. d4 Nf6 2. Nc3 d5 3. Bf4 a6 4. e3 e6 5. Nf3 c5 6. a3 Nc6 7. h3 Bd6 8. dxc5 Bxc5 9. Bd3 Bd6 10. Bxd6 Qxd6 11. O-O e5 12. e4 d4 13. Ne2 O-O 14. Ng3 Ne7 15. Qd2 Ng6 16. Rae1 Nf4 17. Ne2 N6h5 18. Nxf4 Nxf4 19. g3 Nxd3 20. cxd3 Bxh3 21. Kh2 Bxf1 22. Rxf1 Rac8 23. Kg2 Rfe8 24. Rh1 h6 25. a4 Qc5 26. Rd1 Qc2 27. Qe1 Qxa4 28. Nh4 g6 29. Qd2 Kg7 30. Rh1 Rh8 31. Qe2 Qd7 32. Qd2 b6 33. Qb4 Rc6 34. Qa4 Qb7 35. Nf3 Re6 36. Qb4 Rc8 37. Qd2 Rh8 38. Qb4 Qc6 39. Qd2 Qc5 40. Rc1 Qb5 41. Rc7 Rhe8 42. Nh2 R6e7 43. Ng4 g5 44. Rc1 Re6 45. Rh1 Qd7 46. Qe2 Rg6 47. Qf3 Qe6 48. Rh5 Rc8 49. Qe2 Rc1 50. Nh2 Qc8 51. Ng4 Rc2 52. Qf3 Qe6 53. b4 a5 54. bxa5 bxa5 55. Rh1 a4 56. Ra1 h5 57. Nh2 Rf6 58. Qxh5 Rfxf2+ 59. Kg1 Rg2+ 60. Kh1 Rxh2+ 61. Qxh2 Rxh2+ 62. Kxh2 Qb3 63. Rg1 a3 64. g4 a2 65. Kg2 Qb2+ 66. Kg3 a1=Q 67. Kh3 Qaa3 68. Rg3 Qxd3 69. Rxd3 Qc3 70. Rg3 d3 71. Kg2 Qc2+ 72. Kh3 d2 73. Rg2 d1=Q 74. Rg1 Qf3+ 75. Rg3 Qh1# 0-1


[Site "https://www.chess.com"]

[Event "Titled Tuesday Blitz December 27 Early 2022"]
[White "Bryakin, Mikhail"]
[Black "Barp, Alberto"]
[WhiteFideId "4165314"]
[BlackFideId "872555"]
[WhiteElo "2455"]
[BlackElo "2432"]
[Result "1-0"]
[Round "06"]
[TimeControl "180+2"]
[Date "2022.12.27"]
[WhiteClock "0:00:46"]
[BlackClock "0:01:16"]

1. b3 e5 2. Bb2 Nc6 3. e3 g6 4. c4 Bg7 5. Nc3 Nge7 6. d3 O-O 7. a3 d5 8. cxd5 Nxd5 9. Nge2 Be6 10. Nxd5 Qxd5 11. b4 Rad8 12. Nc3 Qd7 13. Be2 a5 14. b5 Ne7 15. a4 Nd5 16. Nxd5 Bxd5 17. O-O c6 18. Bc3 b6 19. d4 exd4 20. Bxd4 Bxd4 21. Qxd4 c5 22. Qf4 Qd6 23. Qg5 Bb3 24. Rfc1 Qd5 25. Qf4 Rfe8 26. h4 Qe5 27. Qh6 Rd2 28. Bf3 Qf6 29. Re1 Bd5 30. e4 Bxe4 31. Qxd2 1-0


[Site "https://www.chess.com"]

[Event "Titled Tuesday Blitz December 27 Early 2022"]
[White "Buscar, Michael"]
[Black "Larina, Maria"]
[WhiteFideId "2603616"]
[BlackFideId "24113182"]
[WhiteElo "2041"]
[BlackElo "1948"]
[Result "1-0"]
[Round "06"]
[TimeControl "180+2"]
[Date "2022.12.27"]
[WhiteClock "0:00:27"]
[BlackClock "0:00:02"]

1. Nf3 f5 2. g3 Nf6 3. Bg2 g6 4. d4 Bg7 5. c4 d6 6. d5 O-O 7. O-O c6 8. Nc3 e5 9. dxe6 Bxe6 10. Bf4 d5 11. cxd5 Nxd5 12. Nxd5 Bxd5 13. Qc2 Na6 14. Be5 Bxf3 15. Bxg7 Bxg2 16. Bxf8 Bxf1 17. Bh6 Bh3 18. Rd1 Qe7 19. Qc3 f4 20. Bxf4 Rd8 21. Qc4+ Kg7 22. Be5+ Qxe5 23. Rxd8 Nc5 24. Qd4 Qxd4 25. Rxd4 Be6 26. e4 g5 27. b4 Na4 28. f3 Nb6 29. a3 Kf6 30. Kf2 Ke5 31. Rd8 h5 32. Rb8 Nc4 33. Rxb7 Nxa3 34. Rxa7 Nb5 35. Rh7 h4 36. gxh4 gxh4 37. Rxh4 Kd4 38. Rh6 Bd7 39. h4 Kc3 40. h5 Kxb4 41. Rh7 Be6 42. h6 Kc3 43. Re7 Bc4 44. h7 1-0


[Site "https://www.chess.com"]

[Event "Titled Tuesday Blitz December 27 Early 2022"]
[White "Cardoso Cardoso, Jose Gabriel"]
[Black "Svane, Rasmus"]
[WhiteFideId "4430492"]
[BlackFideId "4657101"]
[WhiteElo "2492"]
[BlackElo "2623"]
[Result "1-0"]
[Round "06"]
[TimeControl "180+2"]
[Date "2022.12.27"]
[WhiteClock "0:00:14"]
[BlackClock "0:00:01"]

1. d4 Nf6 2. Nc3 d5 3. Bf4 c5 4. e3 cxd4 5. exd4 a6 6. Nf3 Nc6 7. Ne5 Bd7 8. Nxd7 Qxd7 9. Ne2 e6 10. c3 Bd6 11. Bg3 O-O 12. Nf4 Qc7 13. Nh5 Ne4 14. Bd3 f5 15. Bxd6 Qxd6 16. f3 Nf6 17. Nxf6+ Rxf6 18. Qe2 e5 19. dxe5 Nxe5 20. O-O-O Rc8 21. Rhe1 Nc6 22. Kb1 h6 23. Bc4 Qxh2 24. Bxd5+ Kh7 25. Be6 Rcf8 26. Rd7 Qf4 27. Bd5 b5 28. a3 Na5 29. Qe7 Qg3 30. Re6 Qg6 31. Qxf8 Rxf8 32. Rxg6 Kxg6 33. Rd6+ Rf6 34. Rxf6+ Kxf6 35. b4 Nc4 36. Bxc4 bxc4 37. a4 Ke5 38. Kc2 g5 39. g3 h5 40. Kd2 Kd5 41. Ke3 a5 42. b5 Kd6 43. Kf2 Kd5 44. Kg2 g4 45. Kf2 Ke5 46. Ke3 Kd5 47. fxg4 1-0


[Site "https://www.chess.com"]

[Event "Titled Tuesday Blitz December 27 Early 2022"]
[White "Chigaev, Maksim"]
[Black "Moskvin, Anatoly"]
[WhiteFideId "4108116"]
[BlackFideId "24199990"]
[WhiteElo "2628"]
[BlackElo "2189"]
[Result "1-0"]
[Round "06"]
[TimeControl "180+2"]
[Date "2022.12.27"]
[WhiteClock "0:01:38"]
[BlackClock "0:00:01"]

1. e4 e5 2. Nf3 Nc6 3. Bc4 Nf6 4. d3 Bc5 5. Bg5 h6 6. Bh4 g5 7. Bg3 d6 8. c3 Bb6 9. Nbd2 Be6 10. h3 Qd7 11. a4 a6 12. b4 Ne7 13. a5 Ba7 14. O-O Ng6 15. Re1 g4 16. hxg4 Bxc4 17. Nxc4 Qxg4 18. d4 Nxe4 19. Nfxe5 Qxd1 20. Raxd1 dxe5 21. Rxe4 O-O-O 22. Nxe5 Rhe8 23. Rde1 f5 24. R4e2 Nxe5 25. Rxe5 Rf8 26. Bf4 Rd7 27. Re8+ Rxe8 28. Rxe8+ Rd8 29. Rxd8+ Kxd8 30. Bxh6 Kd7 31. Kf1 Ke6 32. Ke2 Kd5 33. Kd3 c6 34. Bf4 b6 35. Bc7 b5 36. f3 Ke6 37. g4 Kf6 38. Ke3 fxg4 39. fxg4 Kg5 40. Kf3 Kg6 41. Kf4 Kf6 42. g5+ Kg6 43. Kg4 Kg7 44. Kf5 Kf7 45. g6+ Kg7 46. Be5+ Kg8 47. Ke6 c5 48. dxc5 Kf8 49. c6 Bb8 50. Bxb8 Kg7 1-0


[Site "https://www.chess.com"]

[Event "Titled Tuesday Blitz December 27 Early 2022"]
[White "Ciuffoletti, Paolo"]
[Black "Tharushi, T H D Niklesha"]
[WhiteFideId "807630"]
[BlackFideId "9918264"]
[WhiteElo "2106"]
[BlackElo "1570"]
[Result "1-0"]
[Round "06"]
[TimeControl "180+2"]
[Date "2022.12.27"]
[WhiteClock "0:00:45"]
[BlackClock "0:02:14"]

1. e4 c6 2. d4 d5 3. exd5 cxd5 4. c4 Nf6 5. Nc3 Nc6 6. Nf3 Bg4 7. cxd5 Nxd5 8. Qb3 Bxf3 9. gxf3 Nxd4 10. Bb5+ Nc6 11. Qxd5 Qxd5 12. Nxd5 O-O-O 13. Bxc6 bxc6 14. Nc3 e5 15. Be3 Kb7 16. Ke2 Bb4 17. Rhd1 f5 18. Rxd8 Rxd8 19. Rd1 Rxd1 20. Nxd1 f4 21. Bd2 Bc5 22. Bc3 Bd6 23. Kd3 Kb6 24. Ke4 Kc5 25. Bxe5 Be7 26. Bxg7 Kc4 27. Be5 c5 28. Bxf4 a5 29. Be5 h5 30. f4 Kb5 31. f5 Kc6 32. f6 Bf8 33. Ne3 Kd7 34. Kf5 Ke8 35. Ke6 h4 36. Bd6 Bxd6 37. Kxd6 Kf7 38. Ke5 h3 39. Nd5 c4 40. Nf4 a4 41. a3 Kf8 42. Nxh3 Kf7 43. Ng5+ Kf8 44. Ke6 c3 45. bxc3 Kg8 46. f7+ Kf8 47. Nh7+ Kg7 48. f8=Q+ Kxh7 49. Qf7+ Kh6 50. Qg8 Kh5 51. Kf5 Kh6 52. Qg6# 1-0


[Site "https://www.chess.com"]

[Event "Titled Tuesday Blitz December 27 Early 2022"]
[White "Cnejev, Vladimir-Alexandru"]
[Black "Korchmar, Vasiliy"]
[WhiteFideId "1260898"]
[BlackFideId "24131750"]
[WhiteElo "2374"]
[BlackElo "2438"]
[Result "1-0"]
[Round "06"]
[TimeControl "180+2"]
[Date "2022.12.27"]
[WhiteClock "0:00:14"]
[BlackClock "0:00:10"]

1. e4 c5 2. Nf3 d6 3. Bb5+ Nd7 4. O-O a6 5. Bd3 Ngf6 6. Re1 e6 7. c3 b5 8. a4 b4 9. Bc2 Bb7 10. d4 Be7 11. e5 dxe5 12. dxe5 Nd5 13. c4 N5b6 14. b3 Nf8 15. Nbd2 Ng6 16. g3 Qc7 17. Qe2 Nd7 18. h4 O-O-O 19. Bb2 Bf8 20. h5 Ne7 21. Ng5 Nf5 22. Nxf7 Be7 23. Nxh8 Rxh8 24. Be4 Nb8 25. Bxb7+ Qxb7 26. Qe4 Nc6 27. Nf3 g6 28. g4 Nh4 29. Nxh4 Bxh4 30. Re3 gxh5 31. Rh3 Bg5 32. Rxh5 h6 33. f4 Bd8 34. g5 Qd7 35. Rxh6 Rg8 36. Rh7 Be7 37. Qf3 Kc7 38. Rd1 Qe8 39. Rd6 Kb6 40. Rxe7 1-0


[Site "https://www.chess.com"]